 Dungeon Crawl Stone Soup version 0.31-a0-1101-g9ad1905e61 (webtiles) character file.

Game seed: 18032023360697867218

592 gruber the Skirmisher (level 7, -3/56 HPs)
             Began as a Minotaur Hunter on Dec 1, 2023.
             Slain by an orc wizard
             ... wielding a +2 dagger of speed
              (4 damage)
             ... on level 5 of the Dungeon.
             The game lasted 00:04:42 (4282 turns).

gruber the Skirmisher (Minotaur Hunter)             Turns: 4282, Time: 00:04:42

Health: -3/56      AC:  3    Str: 15    XL:     7   Next: 16%
Magic:  6/6        EV: 13    Int:  6    God:
Gold:   200        SH:  0    Dex: 16    Spells: 6/6 levels left

rFire   + . .        a - +0 shortbow
rCold   + . .        (shield currently unavailable)
rNeg    . . .        c - +0 leather armour
rPois   .            (helmet restricted)
rElec   .            B - scarf {rC+ rF+}
rCorr   .            (no gloves)
SInv    .            (no boots)
Will    .....        (no amulet)
Stlth   +            (no ring)
HPRegen 0.29/turn    (no ring)
MPRegen 0.10/turn

%: no passive effects
@: no status effects
A: horns 2, retaliatory headbutt
a: no special abilities


You were on level 5 of the Dungeon.
You visited 1 branch of the dungeon, and saw 5 of its levels.
You also visited: Sewer.

You collected 200 gold pieces.

Inventory:

Hand Weapons
 a - a +0 shortbow (weapon)
 q - a +2 short sword of venom
Missiles
 s - 17 poisoned darts
Armour
 c - a +0 leather armour (worn)
 B - a scarf of resistance (worn)
Jewellery
 n - a ring of wizardry
 r - a ring of magical power
Wands
 p - a wand of mindburst (6)
 y - a wand of roots (6)
Scrolls
 b - a scroll of butterflies
 d - a scroll of noise {unknown}
 f - a scroll of vulnerability {unknown}
 g - 3 scrolls of identify {unknown}
 h - a scroll of fog {unknown}
 j - 4 scrolls of amnesia {unknown}
 l - 3 scrolls of fear {unknown}
 o - 2 scrolls of teleportation {unknown}
 w - 2 scrolls of enchant armour {unknown}
 A - a scroll of poison {unknown}
Potions
 e - a potion of attraction {unknown}
 i - a potion of cancellation {unknown}
 k - 3 potions of heal wounds {unknown}
 m - a potion of enlightenment
 t - 2 potions of ambrosia {unknown}
 u - 2 potions of might {unknown}
 v - a potion of curing {unknown}
 x - a potion of brilliance {unknown}
 z - a potion of magic {unknown}


   Skills:
 - Level 2.4 Fighting
 - Level 9.1 Ranged Weapons
 * Level 3.5 Dodging
 - Level 0.7 Stealth


You had 6 spell levels left.
You didn't know any spells.
Your spell library contained the following spells:

 Spells                   Type           Power      Damage    Failure   Level
 Sublimation of Blood     Necr           0%         N/A       67%         2
 Wereblood                Tmut           0%         N/A       67%         2
 Summon Forest            Summ/Tloc      0%         N/A       100%        5
 Eringya's Noxious Bog    Tmut/Pois      0%         4d6       100%        6
 Summon Hydra             Summ           0%         N/A       100%        7


Dungeon Overview and Level Annotations

Branches:
Dungeon (5/15)              Sewer (visited)
 Temple: D:4-7

Altars:
Kikubaaqudgha
Trog
Vehumet

Shops:
D:3 (

Annotations:
D:4 1 runed translucent door, Crazy Yiuf


Innate Abilities, Weirdness & Mutations

You have a pair of horns on your head.
You reflexively headbutt those who attack you in melee.


Message History

You closely miss the orc wizard.
You headbutt the orc wizard, but do no damage.
The orc wizard is severely wounded.
You feel less confused. The orc wizard casts a spell at you.
The puff of flame hits you. You resist.
You shoot an arrow. The arrow hits the orc wizard.
The orc wizard is severely wounded.
The orc wizard hits you with a +2 dagger of speed. x2
You shoot an arrow. The arrow barely misses the orc wizard.
The orc wizard gestures wildly while chanting.
The orc wizard flickers and vanishes!
Deactivating autopickup; reactivate with Ctrl-A.
You shoot an arrow. Something hits you.
You shoot an arrow. Something hits you. x2
You shoot an arrow. Something hits you.
You shoot an arrow.
You hear some strange, mumbled words.
You are confused.
You barely miss something. Something hits you.
You hear some strange, mumbled words.
A puff of flame appears from out of thin air!
The puff of flame hits you. You resist.
* * * LOW HITPOINT WARNING * * *
You're too confused to move!
Something barely misses you.
You're too confused to move!
Something hits you.
* * * LOW HITPOINT WARNING * * *
Something hits you but does no damage.
You clumsily bash something but do no damage.
Your headbutt misses something.
You feel less confused. Something barely misses you. Something hits you.
* * * LOW HITPOINT WARNING * * *
You shoot an arrow. Something hits you but does no damage.
You shoot an arrow. Something hits you.
* * * LOW HITPOINT WARNING * * *
Something hits you.
* * * LOW HITPOINT WARNING * * *
You shoot an arrow. Something hits you.
You die...

........####.#.#
######..####.#.##
#..#..)....#
#..#.##)#..# #..#
#.#..# #..#
#....# #..#
###.)# #.####..#
#....{@.#
######..# #..#
#..# #..# ....
$..## ..##


There were no monsters in sight!

Vanquished Creatures
  An ogre (D:4)
  A kobold brigand (Sewer)
  A scorpion (D:4)
  An orc priest (D:4)
  An iguana (D:4)
  2 orc wizards (D:4)
  Robin (D:3)
  11 adders
  2 river rats
  A white imp (D:5)
  4 worms
  6 orcs
  13 ball pythons
  6 bats
  6 endoplasms
  3 giant cockroaches
  14 goblins
  10 hobgoblins
  6 jackals (D:4)
  5 quokkas
  5 frilled lizards
  17 kobolds
  12 rats
129 creatures vanquished.

Notes
Turn   | Place    | Note
-------+----------+-------------------------------------------
     0 | D:1      | gruber the Minotaur Hunter began the quest for the Orb.
     0 | D:1      | Reached XP level 1. HP: 18/18 MP: 0/0
   134 | D:1      | Reached XP level 2. HP: 25/25 MP: 1/1
   140 | D:1      | Reached skill level 5 in Ranged Weapons
   736 | D:2      | Reached XP level 3. HP: 30/30 MP: 2/2
   969 | D:2      | Reached skill level 6 in Ranged Weapons
  1416 | D:3      | Reached XP level 4. HP: 37/37 MP: 3/3
  1683 | D:3      | Found a glowing drain.
  1693 | Sewer    | Entered a sewer
  1795 | Sewer    | Reached skill level 7 in Ranged Weapons
  1795 | Sewer    | Reached XP level 5. HP: 42/42 MP: 4/4
  2239 | D:3      | Found Ytas's Antique Weapon Boutique.
  2352 | D:3      | Reached skill level 8 in Ranged Weapons
  2372 | D:3      | Found a bloodstained altar of Trog.
  2939 | D:4      | Reached XP level 6. HP: 38/50 MP: 5/5
  2985 | D:4      | Noticed Robin
  3011 | D:3      | Killed Robin
  3234 | D:4      | Found a radiant altar of Vehumet.
  3491 | D:4      | Found a runed translucent door.
  3492 | D:4      | Noticed Crazy Yiuf
  3613 | D:4      | Reached skill level 9 in Ranged Weapons
  3751 | D:4      | Found an ancient bone altar of Kikubaaqudgha.
  3798 | D:4      | Reached XP level 7. HP: 38/56 MP: 6/6
  4196 | D:5      | Entered Level 5 of the Dungeon
  4281 | D:5      | HP: 1/56 [something (5)]
  4282 | D:5      | Slain by an orc wizard

Illustrated notes

Levels and vault maps discovered:
D:1:      nzn_arrival_depleted_hourglass, layout_loops_ring,
          minmay_misc_feat_encased, serial_bayou_lake_a
D:2:      layout_loops_ring, minmay_misc_feat_cross
D:3:      layout_loops_corners, amcnicky_altar_gilded, gup_sewer_entry_bubbles,
          serial_shops, nicolae_shop_just_a_little_nook, roderic_lattice_a
D:4:      layout_basic, nicolae_vehumet_altar_sigil, overflow_temple_1_default,
          uniq_crazy_yiuf_cottage, uniq_robin
D:5:      layout_loops_ring, eino_small_chamber_without_monster

Skill      XL: |  1  2  3  4  5  6  7 |
---------------+----------------------+-----
Ranged Weapons | 5 6 7 8 9 |  9.1
Dodging        | 3 |  3.5
Fighting       | |  2.4
Stealth        | |  0.7

Action                     |  1- 3 |  4- 6 |  7- 9 || total
---------------------------+-------+-------+-------++-------
  Melee: Shortbow          |       |       |     5 ||     5
         Headbutt          |       |       |     1 ||     1
   Fire: Shortbow          |   119 |   260 |    39 ||   418
  Throw: Dart              |       |     4 |       ||     4
    Use: Potion            |       |     1 |       ||     1
 Armour: Leather armour    |    22 |    55 |    26 ||   103
  Dodge: Dodged            |    19 |    55 |     6 ||    80

Table legend: (Time is in decaauts)
 A = Elapsed time spent in this place.
 B = Non-inter-level travel time spent in this place.
 C = Inter-level travel time spent in this place.
 D = Time resting spent in this place.
 E = Time spent auto-exploring this place.
 F = Levels seen in this place.
 G = Mean time per level.
                   A        B        C        D        E       F      G
               +--------+--------+--------+--------+--------+-----+--------+
         Total |   4429 |   4248 |    181 |      0 |   3495 |   6 |  738.2 |
       Dungeon |   3857 |   3676 |    181 |      0 |   3045 |   5 |  771.4 |
         Sewer |    571 |    571 |      0 |      0 |    449 |   1 |  571.0 |
               +--------+--------+--------+--------+--------+-----+--------+

Top non-repeatable levels by time:
     D:4: 1240 daAuts
     D:3: 1083 daAuts
     D:1: 739 daAuts
     D:2: 706 daAuts
   Sewer: 571 daAuts
     D:5: 87 daAuts
